 Dungeon Crawl Stone Soup version 0.21-a0-338-g36cf2fc (webtiles) character file.

755 Kriby the Magician (level 7, 0/53 HPs)
             Began as a Gnoll Wanderer on Oct 2, 2017.
             Slain by cirnu's ghost (6 damage)
             ... in a sewer on Oct 4, 2017.
             The game lasted 00:09:27 (4578 turns).

Kriby the Magician (Gnoll Wanderer)                 Turns: 4578, Time: 00:09:28

Health: 0/53       AC:  9    Str: 20    XL:     7   Next: 79%
Magic:  8/27       EV:  9    Int: 16    God:
Gold:   264        SH:  0    Dex: 14    Spells: 14/21 levels left

rFire    + . .     SeeInvis .   j - +2 hunting sling (freeze)
rCold    + . .     Gourm    .   (no shield)
rNeg     . . .     Faith    .   o - +0 chain mail
rPois    +         Spirit   .   (no helmet)
rElec    +         Reflect  .   (no cloak)
rCorr    +         Harm     .   (no gloves)
MR       .....                  (no boots)
Stlth    ..........             (no amulet)
HPRegen  0.17/turn              u - ring of magical power
MPRegen  0.20/turn              w - ring of wizardry

@: mighty, resistant, very slightly contaminated
A: distributed training, fangs 1, strong nose
a: no special abilities


You were in a sewer.
You were not hungry.

You visited 1 branch of the dungeon, and saw 4 of its levels.
You also visited: Sewer.

You collected 264 gold pieces.

Inventory:

Hand Weapons
 b - a +0 shortbow
 h - a +0 short sword
 j - a +2 hunting sling of freezing (weapon)
 y - a +0 war axe
Missiles
 c - 16 arrows
 l - 28 sling bullets
 r - 177 stones (quivered)
Armour
 e - a +0 robe
 o - a +0 chain mail (worn)
Jewellery
 u - a ring of magical power (left hand)
 w - a ring of wizardry (right hand)
Scrolls
 d - 2 scrolls of teleportation
 g - a scroll of identify
 k - 2 scrolls of amnesia
 p - 2 scrolls of remove curse
 q - a scroll of noise
 s - 3 scrolls of blinking
Potions
 m - a potion of flight
 t - a potion of might
 v - a potion of magic
Books
 a - a book of Minor Magic

   Spells                             Type                      Level
   a - Magic Dart                     Conjuration                  1
   b - Blink                          Translocation                2
   c - Call Imp                       Summoning                    2
   d - Slow                           Hexes                        2
   e - Conjure Flame                  Conjuration/Fire             3
   f - Mephitic Cloud                 Conjuration/Poison/Air       3
Comestibles
 f - 3 bread rations
 i - 3 royal jellies
 x - 3 fruits
 z - 3 chunks of flesh


   Skills:
 + Level 3.7 Fighting
 + Level 2.6 Short Blades
 + Level 2.6 Long Blades
 + Level 2.6 Axes
 + Level 2.6 Maces & Flails
 + Level 2.6 Polearms
 + Level 2.6 Staves
 + Level 2.6 Slings
 + Level 3.7 Bows
 + Level 2.6 Crossbows
 + Level 2.6 Throwing
 + Level 3.7 Armour
 + Level 2.6 Dodging
 + Level 2.6 Stealth
   Level 0.0 Stabbing
 + Level 2.6 Shields
   Level 0.0 Traps
 + Level 2.6 Unarmed Combat
 + Level 7.7 Spellcasting
 + Level 2.6 Conjurations
 + Level 2.6 Hexes
 + Level 5.3 Charms
 + Level 2.6 Summonings
 + Level 2.6 Necromancy
 + Level 2.6 Translocations
 + Level 2.6 Transmutations
 + Level 2.6 Fire Magic
 + Level 2.6 Ice Magic
 + Level 2.6 Air Magic
 + Level 2.6 Earth Magic
 + Level 2.6 Poison Magic
 + Level 2.6 Invocations
 + Level 5.3 Evocations


You had 14 spell levels left.
You knew the following spells:

 Your Spells              Type           Power        Failure   Level  Hunger
a - Mephitic Cloud        Conj/Pois/Air  ##......     41%         3    ##.....
b - Blink                 Tloc           N/A          24%         2    None
c - Call Imp              Summ           ##......     24%         2    None


Dungeon Overview and Level Annotations

Branches:
Dungeon (4/15)
 Temple: D:4-7

Altars:
Dithmenos
Uskayaw

Annotations:
Sewer Purgy; cirnu's ghost, amateur DsAK


Innate Abilities, Weirdness & Mutations

Your experience applies equally to all skills.
You have very sharp teeth.
Your uncanny sense of smell can sniff out nearby items.


Message History

Aim: Purgy (confused)
You shoot a stone. The stone hits Purgy.
The stone freezes Purgy.
Purgy is lightly wounded.
Cirnu's ghost shrieks, "Death is your only future!"
Firing (i - inventory. (,) - cycle):
r - 179 stones (quivered)
Press: ? - help, Shift-Dir - straight line, f/p - Purgy
Aim: Purgy (confused)
You shoot a stone. The stone hits Purgy.
The stone freezes Purgy.
Purgy is lightly wounded.
Purgy gestures wildly.
Firing (i - inventory. (,) - cycle):
r - 178 stones (quivered)
Press: ? - help, Shift-Dir - straight line, f/p - Purgy
Aim: Purgy (lightly wounded, confused)
You shoot a stone. The stone hits cirnu's ghost.
Cirnu's ghost is moderately damaged.
You see here 19 gold pieces.
Casting: Mephitic Cloud
Confirm with . or Enter, or press ? or * to list all spells.
You blink.
Cirnu's ghost hits you.
You die...

.≈≈≈...#######.#
..≈...## #(#
.....## #.#
###### ###(###
##(....##
#...(T..#
#.......#
#...(...#
#....W@.#
#..$.$..#
##$$§$$##
#######


You could see Purgy (confused) and cirnu's ghost.

Vanquished Creatures
  6 big kobolds (D:3)
  2 orc priests (D:4)
  A centaur skeleton (D:4)
  Jessica (D:3)
  A worker ant (D:4)
  A gnoll (D:3)
  6 adders
  3 oozes
  A worm (D:3)
  3 leopard geckos
  4 orcs
  2 ball pythons
  11 bats
  6 giant cockroaches
  10 goblins
  5 hobgoblins
  9 jackals
  2 quokkas (D:3)
  5 frilled lizards
  47 kobolds
  7 rats
133 creatures vanquished.

Notes
Turn   | Place    | Note
-------+----------+-------------------------------------------
     0 | D:1      | Kriby the Gnoll Wanderer began the quest for the Orb.
     0 | D:1      | Kriby set off with: a book of Minor Magic, a +0 shortbow, 23 arrows, a scroll of teleportation, a +0 robe, a bread ration
     0 | D:1      | Reached XP level 1. HP: 17/17 MP: 8/8
   311 | D:1      | Reached XP level 2. HP: 23/23 MP: 10/10
   807 | D:2      | Reached XP level 3. HP: 28/28 MP: 11/11
  1183 | D:2      | Reached skill level 1 in Short Blades
  1183 | D:2      | Reached skill level 1 in Long Blades
  1183 | D:2      | Reached skill level 1 in Axes
  1183 | D:2      | Reached skill level 1 in Maces & Flails
  1183 | D:2      | Reached skill level 1 in Polearms
  1183 | D:2      | Reached skill level 1 in Staves
  1183 | D:2      | Reached skill level 1 in Slings
  1183 | D:2      | Reached skill level 1 in Crossbows
  1183 | D:2      | Reached skill level 1 in Throwing
  1183 | D:2      | Reached skill level 1 in Dodging
  1183 | D:2      | Reached skill level 1 in Stealth
  1183 | D:2      | Reached skill level 1 in Shields
  1183 | D:2      | Reached skill level 1 in Unarmed Combat
  1183 | D:2      | Reached skill level 1 in Conjurations
  1183 | D:2      | Reached skill level 1 in Hexes
  1183 | D:2      | Reached skill level 1 in Summonings
  1183 | D:2      | Reached skill level 1 in Necromancy
  1183 | D:2      | Reached skill level 1 in Translocations
  1183 | D:2      | Reached skill level 1 in Transmutations
  1183 | D:2      | Reached skill level 1 in Fire Magic
  1183 | D:2      | Reached skill level 1 in Ice Magic
  1183 | D:2      | Reached skill level 1 in Air Magic
  1183 | D:2      | Reached skill level 1 in Earth Magic
  1183 | D:2      | Reached skill level 1 in Poison Magic
  1183 | D:2      | Reached skill level 1 in Invocations
  1430 | D:2      | Reached XP level 4. HP: 5/34 MP: 13/13
  2414 | D:3      | Upgraded the game from 0.21-a0-331-gfb491b4 to 0.21-a0-338-g36cf2fc
  2676 | D:3      | Noticed a big kobold
  2694 | D:3      | Killed a big kobold
  2694 | D:3      | Reached XP level 5. HP: 29/41 MP: 14/14
  2860 | D:3      | Noticed a big kobold
  2881 | D:3      | Killed a big kobold
  2881 | D:3      | Reached XP level 6. HP: 46/47 MP: 16/16
  3057 | D:3      | Reached skill level 5 in Charms
  3057 | D:3      | Reached skill level 5 in Evocations
  3399 | D:3      | Learned a level 3 spell: Mephitic Cloud
  3402 | D:3      | Learned a level 2 spell: Blink
  3405 | D:3      | Learned a level 2 spell: Call Imp
  3421 | D:3      | Found a shadowy altar of Dithmenos.
  3450 | D:3      | Noticed Jessica
  3452 | D:3      | Killed Jessica
  3452 | D:3      | Reached XP level 7. HP: 52/52 MP: 18/18
  4355 | D:4      | Found a hide-covered altar of Uskayaw.
  4377 | D:4      | Noticed a hand axe
  4379 | D:4      | Noticed a dagger
  4446 | D:4      | Found a glowing drain.
  4475 | Sewer    | Entered a sewer
  4525 | Sewer    | Noticed cirnu's ghost (amateur DsAK)
  4527 | Sewer    | Noticed Purgy
  4578 | Sewer    | Slain by cirnu's ghost

Vault maps used:
D:1:      lightli_arrival_isolated_outpost
D:3:      minmay_goblin_kobold_castle, grunt_dithmenos_smoke, first_bread,
          uniq_jessica
D:4:      dancing_weapons_uskayaw, minmay_temple_entry_hall,
          gup_sewer_entry_glass
Sewer:    sewer_big_baddie

Skill      XL: |  1  2  3  4  5  6 |
---------------+-------------------+-----
Short Blades   | 1 2 |  2.6
Long Blades    | 1 2 |  2.6
Axes           | 1 2 |  2.6
Maces & Flails | 1 2 |  2.6
Polearms       | 1 2 |  2.6
Staves         | 1 2 |  2.6
Slings         | 1 2 |  2.6
Crossbows      | 1 2 |  2.6
Throwing       | 1 2 |  2.6
Dodging        | 1 2 |  2.6
Stealth        | 1 2 |  2.6
Shields        | 1 2 |  2.6
Unarmed Combat | 1 2 |  2.6
Conjurations   | 1 2 |  2.6
Hexes          | 1 2 |  2.6
Summonings     | 1 2 |  2.6
Necromancy     | 1 2 |  2.6
Translocations | 1 2 |  2.6
Transmutations | 1 2 |  2.6
Fire Magic     | 1 2 |  2.6
Ice Magic      | 1 2 |  2.6
Air Magic      | 1 2 |  2.6
Earth Magic    | 1 2 |  2.6
Poison Magic   | 1 2 |  2.6
Invocations    | 1 2 |  2.6
Fighting       | 3 |  3.7
Bows           | 3 |  3.7
Armour         | 3 |  3.7
Charms         | 5 |  5.3
Evocations     | 5 |  5.3
Spellcasting   | |  7.7

Action                   |  1- 3 |  4- 6 |  7- 9 || total
-------------------------+-------+-------+-------++-------
Melee: Unarmed           |    38 |       |       ||    38
       Short sword       |    19 |     1 |       ||    20
       Bite              |     9 |       |       ||     9
       Punch             |     1 |       |       ||     1
 Fire: Shortbow          |    86 |    89 |       ||   175
       Hunting sling     |       |   111 |   168 ||   279
 Cast: Blink             |       |       |     4 ||     4
       Mephitic Cloud    |       |       |     1 ||     1
  Use: Potion            |     1 |       |     4 ||     5
       Scroll            |       |       |     8 ||     8
  Eat: Chunk             |     1 |     7 |     3 ||    11
Armor: Chain mail        |    44 |    87 |    65 ||   196
       Robe              |     1 |       |       ||     1
Dodge: Dodged            |    28 |    49 |    53 ||   130

Table legend:
 A = Spawn XP
 B = Non-spawn XP
 C = Spawn XP percentage of total XP
 D = Spawn monster count
 E = Non-spawn monster count
 F = Spawn count percentage of total count
 G = Total turns spent on level
                    A         B        C        D         E        F      G
               +---------+---------+-------+---------+---------+-------+---------
         Total |       0 |    1079 |   0.0 |       0 |     133 |   0.0 |  4578
               +---------+---------+-------+---------+---------+-------+---------
           D:1 |       0 |      30 |   0.0 |       0 |      15 |   0.0 |   806
           D:2 |       0 |      72 |   0.0 |       0 |      21 |   0.0 |  1607
           D:3 |       0 |     764 |   0.0 |       0 |      74 |   0.0 |  1796
           D:4 |       0 |     205 |   0.0 |       0 |      18 |   0.0 |   266
         Sewer |       0 |       8 |   0.0 |       0 |       5 |   0.0 |   103
               +---------+---------+-------+---------+---------+-------+---------
